 Dungeon Crawl Stone Soup version 0.30.0-29-ga12c61a403 (webtiles) character file.

Game seed: 3411308858647750325

1096 Graphine the Chopper (level 8, -2/64 (71) HPs)
             Began as a Hill Orc Monk on June 24, 2023.
             Was a Believer of Beogh.
             Slain by a wight
             ... wielding a +3 battleaxe
              (4 damage)
             ... on level 6 of the Dungeon.
             The game lasted 00:09:04 (5724 turns).

Graphine the Chopper (Hill Orc Monk)                Turns: 5724, Time: 00:09:04

HP:   -2/64 (71)    AC: 12    Str: 16    XL:     8   Next: 31%
MP:   12/12         EV:  8    Int: 10    God:    Beogh [**....]
Gold: 265           SH:  0    Dex: 13    Spells: 7/7 levels left

rFire   + . .        q - +2 club (spect)
rCold   + . .        d - orb {light}
rNeg    . . .        r - +2 chain mail {rC+}
rPois   .            (no helmet)
rElec   .            (no cloak)
rCorr   .            (no gloves)
SInv    +            i - +0 pair of boots
Will    .....        (no amulet) Stlth
                     h - ring of protection from fire
HPRegen 0.30/turn    e - ring of see invisible
MPRegen 0.13/turn

%: no passive effects
@: glowing, drained
A: no striking features
a: Renounce Religion, Smiting


You were on level 6 of the Dungeon.
You worshipped Beogh.
Beogh was pleased with you.
You visited 1 branch of the dungeon, and saw 6 of its levels.

You collected 265 gold pieces.

Inventory:

Hand Weapons
 a - a +0 hand axe
 k - the +1 spear "Beastslayer" {venom, +Blink rN++ Str+3 Int-3}
   (You found it on level 3 of the Dungeon)

   Str:       It affects your strength (+3).
   Int:       It affects your intelligence (-3).
   rN:        It greatly protects you from negative energy.
   +Blink:    It lets you blink.
 q - a +2 spectral club (weapon)
Missiles
 f - 2 throwing nets (quivered)
Armour
 d - an orb of light (worn)
 i - a +0 pair of boots (worn)
 n - a +1 plate armour
 r - a +2 chain mail of cold resistance (worn)
Jewellery
 b - a +6 ring of intelligence
 e - a ring of see invisible (right hand)
 h - a ring of protection from fire (left hand)
 s - a ring of wizardry
 u - a ring of protection from fire
Wands
 p - a wand of paralysis (6)
Scrolls
 c - 2 scrolls of teleportation
 l - 2 scrolls of vulnerability
 v - a scroll of identify
Potions
 g - a potion of flight
 j - a potion of attraction {unknown}
 m - 2 potions of mutation {unknown}
 o - a potion of curing
 t - a potion of heal wounds {unknown}
 w - a potion of brilliance {unknown}


   Skills:
 * Level 6.9 Fighting
 * Level 7.7 Axes
 + Level 3.6 Armour
 - Level 2.4 Dodging
 * Level 6.6 Invocations


You had 7 spell levels left.
You didn't know any spells.
Your spell library contained the following spells:

 Spells                   Type           Power      Damage    Failure   Level
 Sting                    Tmut/Pois      0%         1d3       99%         1
 Poisonous Vapours        Pois/Air       0%         N/A       100%        2
 Ignite Poison            Fire/Tmut/Pois 0%         N/A       100%        3
 Vhi's Electric Charge    Tloc/Air       0%         N/A       100%        3
 Olgreb's Toxic Radiance  Pois           0%         N/A       100%        4
 Petrify                  Tmut/Erth      0%         N/A       100%        4
 Sticky Flame             Conj/Fire      0%         2d3       100%        4
 Summon Lightning Spire   Summ/Air       0%         N/A       100%        4
 Arcjolt                  Conj/Air       0%         1d10      100%        5
 Metabolic Englaciation   Hex/Ice        0%         N/A       100%        5
 Statue Form              Tmut/Erth      0%         N/A       100%        6
 Storm Form               Tmut/Air       0%         N/A       100%        7
 Ignition                 Fire           0%         3d3       100%        8
 Maxwell's Capacitive Co  Air            0%         ∞         100%        8


Dungeon Overview and Level Annotations

Branches:
Dungeon (6/15)             Temple (0/1) D:5

Altars:


Message History

The wight is moderately damaged.
Your +2 spectral club hits the wight.
The wight hits you with a +3 battleaxe.
The wight hits your +2 spectral club but does no damage.
Hit: q) +2 club (spect)
Press: ? - help, Dir - move target, f/p - wight
Aim: a wight, wielding a +3 battleaxe and wearing a +0 robe (heavily damaged, haloed, about 19% to evade your +2 spectral club)
You hit the wight.
The wight is heavily damaged.
Your +2 spectral club hits the wight but does no damage.
The wight hits your +2 spectral club with a +3 battleaxe!
Your spectral weapon shares its damage with you!
The wight hits you with a +3 battleaxe.
You feel drained.
Hit: q) +2 club (spect)
Press: ? - help, Dir - move target, f/p - wight
Aim: a wight, wielding a +3 battleaxe and wearing a +0 robe (heavily damaged, haloed, about 19% to evade your +2 spectral club)
You barely miss the wight.
The wight is heavily damaged.
Your +2 spectral club hits the wight.
The wight hits you but does no damage.
The wight hits your +2 spectral club with a +3 battleaxe.
Your spectral weapon shares its damage with you!
Hit: q) +2 club (spect)
Press: ? - help, Dir - move target, f/p - wight
Aim: a wight, wielding a +3 battleaxe and wearing a +0 robe (severely damaged, haloed, about 19% to evade your +2 spectral club)
You hit the wight.
The wight is severely damaged.
Your +2 spectral club hits the wight.
The wight misses your +2 spectral club.
The wight hits you with a +3 battleaxe.
You feel drained.
The wight barely misses your +2 spectral club.
The wight hits you with a +3 battleaxe!
You feel drained.
* * * LOW HITPOINT WARNING * * *
Hit: q) +2 club (spect)
Press: ? - help, Dir - move target, f/p - wight
Aim: a wight, wielding a +3 battleaxe and wearing a +0 robe (almost destroyed, not watching you, haloed, about 19% to evade your +2 spectral club)
You hit the wight but do no damage.
The wight is almost destroyed.
Your +2 spectral club closely misses the wight.
The wight hits you with a +3 battleaxe!
* * * LOW HITPOINT WARNING * * *
You feel drained.
You die...

#?... #... ##...
#... ..... ##...
#... #.... #...
##.... ..# #.....
#z# ###.#... #z##
#...#### #@(##
###.###
##...####...#
##...#..###
##...##
.........>....[..
#######.########.
#.# ... ##.#


You could see 2 wights and a friendly +2 spectral club.

Vanquished Creatures
  A water moccasin (D:5)
  2 ogres (D:4)
  An ice beast (D:5)
  2 phantoms
  A scorpion (D:4)
  A hound (D:5)
  A jelly (D:6)
  A gnoll bouda (D:4)
  4 iguanas
  A sleepcap (D:5)
  Ijyb (D:4)
  Terence (D:2)
  An orc wizard (D:4)
  7 gnolls (D:4)
  7 adders
  A white imp (D:5)
  A worm (D:4)
  2 dart slugs
  16 orcs
  5 ball pythons
  10 endoplasms
  4 giant cockroaches
  8 goblins
  5 hobgoblins
  A jackal (D:3)
  4 kobolds
  8 quokkas
  4 bats
  5 frilled lizards
  6 rats
112 creatures vanquished.

Vanquished Creatures (others)
  A hound (D:4)
  An orc priest (D:4)
  An orc wizard (D:4)
  A gnoll (D:4)
  An orc (D:4)
5 creatures vanquished.

Grand Total: 117 creatures vanquished

Notes
Turn   | Place    | Note
-------+----------+-------------------------------------------
     0 | D:1      | Graphine the Hill Orc Monk began the quest for the Orb.
     0 | D:1      | Reached XP level 1. HP: 19/19 MP: 1/1
   257 | D:1      | Reached skill level 1 in Invocations
   257 | D:1      | Reached XP level 2. HP: 22/27 MP: 2/2
  1081 | D:2      | Reached XP level 3. HP: 28/33 MP: 4/4
  1362 | D:2      | You fall into a shaft and drop 1 floor!
  1370 | D:3      | Identified the +1 spear "Beastslayer" {venom, +Blink rN++
                  | Str+3 Int-3}
  1480 | D:3      | Reached skill level 1 in Armour
  2028 | D:3      | Reached XP level 4. HP: 38/40 MP: 5/5
  2520 | D:2      | Noticed Terence
  2524 | D:2      | Reached skill level 5 in Axes
  2547 | D:2      | Killed Terence
  2548 | D:2      | Reached XP level 5. HP: 16/47 MP: 7/7
  2983 | D:4      | Became a worshipper of Beogh the Brigand
  2983 | D:4      | Reached * piety under Beogh
  2983 | D:4      | Reached ** piety under Beogh
  3188 | D:4      | Noticed an ogre
  3191 | D:4      | HP: 2/47 [ogre/+0 giant spiked club (20)]
  3194 | D:4      | Killed an ogre
  3195 | D:4      | Reached skill level 5 in Fighting
  3195 | D:4      | Reached XP level 6. HP: 4/56 MP: 1/9
  3460 | D:4      | Reached skill level 6 in Axes
  3629 | D:4      | Reached skill level 5 in Invocations
  3629 | D:4      | Reached XP level 7. HP: 16/62 MP: 10/10
  3642 | D:4      | Noticed Ijyb
  3645 | D:4      | Killed Ijyb
  3793 | D:4      | Identified the +0 short sword "Killer Klown's Death"
                  | {flame, rF+ Will- Dex+2 SInv}
  4107 | D:5      | Entered Level 5 of the Dungeon
  4248 | D:5      | Found a staircase to the Ecumenical Temple.
  4331 | D:5      | Identified the +6 quarterstaff "Bingo" {drain, rElec Str+6}
  4342 | D:5      | Reached skill level 7 in Axes
  4672 | D:5      | Reached XP level 8. HP: 68/71 MP: 12/12
  5724 | D:6      | HP: 2/66 [wight/+3 battleaxe (15)]
  5724 | D:6      | Slain by a wight

Illustrated notes

Levels and vault maps discovered:
D:1:      dpeg_arrival_solitude, layout_loops_corners, minmay_misc_feat_x
D:2:      layout_loops_ring, uniq_terence
D:3:      layout_basic, wad_rectangle_vault
D:4:      minmay_spotlight, layout_basic, uniq_ijyb
D:5:      layout_layer_cave, minmay_temple_entry_glassed_door
D:6:      layout_basic, uniq_pikel

Skill      XL: |  1  2  3  4  5  6  7 |
---------------+----------------------+-----
Invocations    | 1 2 3 4 5 6 |  6.6
Fighting       | 4 5 6 |  6.9
Armour         | 1 2 3 |  3.6
Axes           | 5 6 7 |  7.7
Dodging        | |  2.4

Action                     |  1- 3 |  4- 6 |  7- 9 || total
---------------------------+-------+-------+-------++-------
  Melee: Hand axe          |   103 |   166 |     8 ||   277
         Club              |       |       |   139 ||   139
 Invoke: Smiting           |       |     2 |     2 ||     4
         Convert to Beogh  |       |     1 |       ||     1
    Use: Scroll            |     2 |     6 |     2 ||    10
         Potion            |     1 |       |       ||     1
   Stab: Distracted        |       |       |     3 ||     3
 Armour: Ring mail         |    36 |       |       ||    36
         Plate armour      |     5 |    60 |       ||    65
         Scale mail        |       |    43 |       ||    43
         Chain mail        |       |       |    74 ||    74
  Dodge: Dodged            |    44 |    68 |    51 ||   163
